 Dungeon Crawl Stone Soup version 0.27-a0-909-g0721f309d1 (webtiles) character file.

Game seed: 5345477028718953947

2 HELP the Stinger (level 1, 7/7 HPs)
             Began as a Felid Venom Mage on Apr 8, 2021.
             Quit the game on level 1 of the Dungeon.
             The game lasted 00:01:44 (287 turns).

HELP the Stinger (Felid Venom Mage)                  Turns: 287, Time: 00:01:44

Health: 7/7        AC:  1    Str:  4    XL:     1   Next: 33%
Magic:  2/4        EV: 17    Int: 16    God:
Gold:   0          SH:  0    Dex: 16    Spells: 3/4 levels left
                                        Lives:  0   Deaths: 0

rFire    . . .     SeeInvis +   (weapon unavailable)
rCold    . . .     Faith    .   (shield unavailable)
rNeg     . . .     Spirit   .   (armour unavailable)
rPois    .         Reflect  .   (helmet unavailable)
rElec    .         Harm     .   (cloak unavailable)
rCorr    .         Rampage  .   (gloves unavailable)
Will     .....                  (boots unavailable)
Stlth    +++.......             (no amulet)
HPRegen  0.02/turn              (no ring)
MPRegen  0.09/turn              (no ring)

@: quick
A: very small, claws 1, fangs 3, see invisible, speed 1, shaggy fur 1, stealthy
paws, no weapons or thrown items, no armour, multi-lived
a: no special abilities


You were on level 1 of the Dungeon.
You visited 1 branch of the dungeon, and saw 1 of its levels.

Inventory:

Missiles
 b - 12 sling bullets
Scrolls
 a - a scroll of teleportation {unknown}


   Skills:
 - Level 2.6 Dodging
 + Level 2.8 Stealth
 + Level 2.0 Spellcasting
 - Level 1.1 Transmutations
 * Level 2.8 Poison Magic


You had 3 spell levels left.
You knew the following spells:

 Your Spells              Type           Power      Damage    Failure   Level
a - Sting                 Tmut/Pois      28%        1d4       10%         1

Your spell library contained the following spells:

 Spells                   Type           Power      Damage    Failure   Level
 Poisonous Vapours        Pois/Air       12%        N/A       19%         2
 Animate Skeleton         Necr           2%         N/A       21%         1
 Apportation              Tloc           2%         N/A       21%         1
 Corona                   Hex            1%         N/A       21%         1
 Magic Dart               Conj           4%         1d3       21%         1
 Summon Small Mammal      Summ           4%         N/A       21%         1
 Blink                    Tloc           N/A        N/A       30%         2
 Call Imp                 Summ           1%         N/A       30%         2
 Slow                     Hex            1%         N/A       30%         2
 Ignite Poison            Fire/Tmut/Pois 5%         N/A       36%         3
 Mephitic Cloud           Conj/Pois/Air  4%         N/A       38%         3
 Conjure Flame            Conj/Fire      1%         6-21      52%         3
 Olgreb's Toxic Radiance  Pois           10%        N/A       54%         4


Dungeon Overview and Level Annotations

Branches:
Dungeon (1/15)

Altars:


Innate Abilities, Weirdness & Mutations

You have sharp claws.
You have razor-sharp teeth.
You have supernaturally acute eyesight. (SInv)
You cover ground quickly. (Speed+)
You are covered in fur. (AC +1)
Your stealthy paws help you sneak and pounce on unaware monsters.
You are incapable of wielding weapons or throwing items.
You cannot wear armour.
You gain extra lives every three experience levels.


Message History

You see here a +0 robe.
Found a stone staircase leading down.
There is a stone staircase leading down here.
a - a scroll labelled XUYSO YDIO You open the door.
There is an open door here.
As you open the door, it creaks loudly!
You hear an angry hiss.
You hear a shout!
There is an open door here.
You open the door.
There is an open door here.
You open the door.
There is an open door here.
A kobold comes into view. It is wielding a +0 dagger.
A ball python comes into view.
The kobold moves out of view.
Found 12 sling bullets.
You see here 12 sling bullets.
b - 12 sling bullets
Casting: Sting (safe; 10% risk of failure)
Confirm with . or Enter, or press ? or * to list all spells.
Aiming: Sting (safe; 10% risk of failure)
Press: ? - help, Shift-Dir - straight line, f - ball python
Aim: a ball python (wandering, hasn't noticed you, 36% to evade)
The sting hits the ball python.
The ball python is poisoned.
The ball python is heavily wounded.
The ball python hisses angrily.
The kobold shouts!
You kill the ball python!
Casting: Sting (safe; 10% risk of failure)
Confirm with . or Enter, or press ? or * to list all spells.
Aiming: Sting (safe; 10% risk of failure)
Press: ? - help, Shift-Dir - straight line, f - kobold
Aim: a kobold, wielding a +0 dagger (40% to evade)
The sting hits the kobold.
The kobold is poisoned.
The kobold is moderately wounded.
You kill the kobold!
Things that are here:
a +0 dagger; a kobold corpse Your movement speed is quick.
Your attack speed is average.
Are you sure you want to abandon this character and quit the game? (Confirm with "yes".)

###'#############......#
#......#####...........+
#####........#...........###
....'........+...........#
#####........#...........#
#....................#
#........#...........#
##.....#.#.#+##'######
##>........@..........
######...#.#.#.##.#######
..........# #.#.##.#
#########.# #.#.##.# #.#
#.#.##.# #####.# #...##.#
#.....# ######.# #.##### .#
#.#


There were no monsters in sight!

Vanquished Creatures
  A ball python (D:1)
  A frilled lizard (D:1)
  A kobold (D:1)
3 creatures vanquished.

Notes
Turn   | Place    | Note
-------+----------+-------------------------------------------
     0 | D:1      | HELP the Felid Venom Mage began the quest for the Orb.
     0 | D:1      | Reached XP level 1. HP: 7/7 MP: 4/4
   287 | D:1      | Quit the game

Illustrated notes

Levels and vault maps discovered:
D:1:      dpeg_arrival_oval, layout_basic, ebering_ecumenical_altar_abandoned

Action                   || total
-------------------------++-------
 Cast: Sting             ||     3

Table legend: (Time is in decaauts)
 A = Elapsed time spent in this place.
 B = Non-inter-level travel time spent in this place.
 C = Inter-level travel time spent in this place.
 D = Time resting spent in this place.
 E = Time spent auto-exploring this place.
 F = Levels seen in this place.
 G = Mean time per level.
                   A        B        C        D        E       F      G
               +--------+--------+--------+--------+--------+-----+--------+
         Total |    234 |    234 |      0 |     11 |    196 |   1 |  234.0 |
       Dungeon |    234 |    234 |      0 |     11 |    196 |   1 |  234.0 |
               +--------+--------+--------+--------+--------+-----+--------+

Top non-repeatable levels by time:
     D:1: 234 daAuts
